General information
- name: BNet
- type: Ladder 1vs1/FFA
- host: Battle.net
- saver: iggy_the_fisk
map: TirisfalGlades
- players: 2
- length: 16:20
- speed: Fast
- version: 1.21 W3XP
- replay type:

» download(68 KB)
Players
team 1 (winner)

»
iggy_the_fisk (
blue | 117 APM | 1905 actions | 16:20)
5 Archmage
3 Blizzard
2 Brilliance Aura
4 Pandaren Brewmaster
2 Breath of Fire
1 Drunken Haze
1 Drunken Brawler
» actions
| Assign group hotkey | 228 | |
| Basic commands | 34 | |
| Build / train | 62 | |
| Enter build submenu | 20 | |
| Enter hero's abilities submenu | 9 | |
| Right click | 837 | |
| Select / deselect | 356 | |
| Select group hotkey | 283 | |
| Use ability | 76 | |
1905 total
» units
| Peasant | 9 | |
| Footman | 6 | |
| Spell Breaker | 12 | |
| Priest | 8 | |
| Mortar Team | 2 | |
37 total
» upgrades
» buildings
| Altar of Kings | 1 | |
| Barracks | 1 | |
| Farm | 9 | |
| Scout Tower | 1 | |
| Arcane Tower | 1 | |
| Keep | 3 | |
| Arcane Vault | 1 | |
| Arcane Sanctum | 2 | |
| Blacksmith | 1 | |
| Workshop | 1 | |
| Castle | 1 | |
22 total
» build order
00:06 Altar of Kings
00:19 Barracks
00:25 Farm
01:11 Farm
01:24 Farm
01:51 Scout Tower
02:27 Arcane Tower
03:06 Keep
03:06 Keep
04:22 Arcane Vault
04:39 Farm
05:25 Farm
05:28 Arcane Sanctum
05:30 Arcane Sanctum
06:30 Farm
07:25 Farm
10:14 Blacksmith
11:37 Workshop
12:43 Farm
12:43 Castle
12:44 Farm
» items
| Scroll of Regeneration | 3 | |
| Potion of Healing | 1 | |
4 total
team 2 (loser)
F.A.K.K.2 (
green | 141 APM | 2302 actions | 16:17)
3 Archmage
2 Summon Water Elemental
1 Brilliance Aura
3 Pandaren Brewmaster
2 Breath of Fire
1 Drunken Haze
» actions
| Assign group hotkey | 51 | |
| Basic commands | 68 | |
| Build / train | 50 | |
| Enter build submenu | 14 | |
| Enter hero's abilities submenu | 6 | |
| Give item / drop item | 1 | |
| Right click | 1305 | |
| Select / deselect | 296 | |
| Select group hotkey | 443 | |
| Use ability | 68 | |
2302 total
» units
| Peasant | 10 | |
| Footman | 5 | |
| Assassin | 1 | |
| Kobold | 1 | |
| Spell Breaker | 10 | |
| Priest | 5 | |
32 total
» buildings
| Altar of Kings | 1 | |
| Farm | 8 | |
| Barracks | 1 | |
| Scout Tower | 1 | |
| Arcane Tower | 1 | |
| Keep | 1 | |
| Arcane Vault | 1 | |
| Arcane Sanctum | 2 | |
16 total
» build order
00:07 Altar of Kings
00:19 Farm
00:21 Barracks
00:50 Farm
02:14 Farm
02:15 Scout Tower
03:01 Arcane Tower
03:02 Keep
03:39 Arcane Vault
03:52 Farm
05:24 Farm
05:26 Arcane Sanctum
05:29 Arcane Sanctum
06:35 Farm
07:14 Farm
13:17 Farm
» items
| Scroll of Regeneration | 3 | |
| Scroll of Town Portal | 1 | |
| Lesser Clarity Potion | 1 | |
| Scroll of Healing | 2 | |
| Potion of Lesser Invulnerability | 1 | |
8 total
Chat log
(00:16 / All) F.A.K.K.2: hf gl
(16:16 / All) F.A.K.K.2: gg